cohdb
Replays
Latest Replays
All Replays
Popular Replays
Top Player Replays
Match Explorer
How It Works
Community
CoH3 Stats
Reddit
Sign in to upload your games and track your stats! →
Sign in with Steam
Match 43063826
Unlisted
Match 43063826
Overview
Messages
Build Orders
End
Construct Barracks
Engineer Squad
Selects Armored Battlegroup
Selects Assault Engineers
Selects Veteran Crews
Riflemen Squad
Riflemen Squad
Riflemen Squad
Construct Medical Station
Selects Fast Deploy
Infantry Support Center
Construct Weapon Support Center
Grenade Package
Selects M31 Recovery Vehicle
M1 Mortar Team
M1918 Browning Automatic Rifles
Bazooka Squad
Bazooka Squad
Selects War Machine
Construct Tank Depot
Selects M8 Scott SPG
Selects UNKNOWN (2160077)
M4A3E8 Sherman Easy Eight
Gangil
咚咚锵个腿
0
0
Comments
sign in to comment!
No comments posted yet!